 Dungeon Crawl Stone Soup version 0.27.0-1-g7a089689b8 (webtiles) character file.

Game seed: 4366829187595749876

245 Spaninq the Twirler (level 5, 0/43 HPs)
             Began as a Palentonga Gladiator on Aug 13, 2021.
             Was a Follower of Okawaru.
             Frozen to death by an endoplasm (3 damage)
             ... on level 4 of the Dungeon.
             The game lasted 00:10:15 (3749 turns).

Spaninq the Twirler (Palentonga Gladiator)          Turns: 3749, Time: 00:10:17

Health: 0/43       AC:  8    Str: 18    XL:     5   Next: 83%
Magic:  6/6        EV:  5    Int:  8    God:    Okawaru [*.....]
Gold:   168        SH:  0    Dex: 12    Spells: 4/4 levels left

rFire    . . .     SeeInvis +   a - +0 quarterstaff
rCold    . . .     Faith    .   (shield currently unavailable)
rNeg     + . .     Spirit   .   j - +0 chain mail
rPois    .         Reflect  .   c - +0 helmet
rElec    .         Harm     .   (no cloak)
rCorr    .         Rampage  .   (no gloves)
Will     .....                  (no barding)
Stlth    ..........             f - amulet of regeneration
HPRegen  1.14/turn              h - ring of positive energy
MPRegen  0.10/turn              (no ring)

@: no status effects
A: large, rugged brown scales 3, see invisible, deformed body, roll 1, armoured
tail
a: Rolling Charge, Renounce Religion, Heroism


You were on level 4 of the Dungeon.
You worshipped Okawaru.
Okawaru was aware of your devotion.
You visited 2 branches of the dungeon, and saw 5 of its levels.

You collected 168 gold pieces.

Inventory:

Hand Weapons
 a - a +0 quarterstaff (weapon)
Missiles
 d - 3 throwing nets (quivered)
Armour
 c - a +0 helmet (worn)
 j - a +0 chain mail (worn)
Jewellery
 f - an amulet of regeneration (around neck)
 h - a ring of positive energy (left hand)
Wands
 l - a wand of digging (4)
Potions
 b - 2 potions of might
 e - 2 potions of mutation
 g - 5 potions of curing
 i - a potion of degeneration {unknown}
 o - a potion of magic


   Skills:
 + Level 3.4 Fighting
 * Level 5.1 Staves
 - Level 1.3 Throwing
 + Level 1.3 Armour
 - Level 2.4 Dodging
 + Level 1.8 Invocations


You had 4 spell levels left.
You didn't know any spells.
Your spell library contained the following spells:

 Spells                   Type           Power      Damage    Failure   Level
 Gell's Gravitas          Tloc           0%         N/A       100%        3
 Lesser Beckoning         Tloc           0%         N/A       100%        3
 Teleport Other           Tloc           0%         N/A       100%        3


Dungeon Overview and Level Annotations

Branches:
Dungeon (4/15)             Temple (1/1) D:4

Altars:
Ashenzari
Cheibriados
Dithmenos
Elyvilon
Fedhas
Gozag
Hepliaklqana
Makhleb
Nemelex Xobeh
Okawaru
Qazlal
Sif Muna
Trog
Vehumet
Wu Jian

Annotations:
D:3 Natasha


Innate Abilities, Weirdness & Mutations

You are completely covered in rugged brown scales. (AC +3, +7% HP)
You have supernaturally acute eyesight. (SInv)
Armour fits poorly on your strangely shaped body.
You can roll at nearby foes to attack.
You have a long armoured tail.


Message History

An ogre comes into view. It is wielding a +0 giant spiked club.
The ogre shouts!
Your chain mail prevents you from hitting the orc.
You tail-slap the orc.
The orc is heavily wounded.
The orc hits you but does no damage.
You hit the orc.
You kill the orc!
Okawaru accepts your kill.
You hit the orc.
The orc is severely wounded.
The orc hits you but does no damage.
You hit the orc.
You kill the orc!
Okawaru accepts your kill. The orc hits you with a +0 mace!
You sock the orc!
You kill the orc!
Okawaru accepts your kill.
You sock the orc!
You kill the orc!
Okawaru accepts your kill.
Roll where?
Press: ? - help, Dir - move target, f - ogre
Aim: an ogre, wielding a +0 giant spiked club You roll forward with a clatter of scales!
You hit the ogre but do no damage.
The ogre hits you with a +0 giant spiked club!!
Ouch! That really hurt!
An endoplasm comes into view.
The endoplasm quivers.
The endoplasm hits you but does no damage.
You barely miss the endoplasm. You tail-slap the endoplasm.
The endoplasm is severely wounded.
The ogre hits you with a +0 giant spiked club!!
Ouch! That really hurt!
* * * LOW HITPOINT WARNING * * *
The endoplasm freezes you.
You are frozen.
You die...

........>..#
#######....#
#.#..#
##.#..#######.
#........>....
#.###.#######.
##. #.).....#
##..###.#####O#
#.......# #@#
.[.....### #J#
####.#. #.# #
#. ... #. #.#
#. #.# ## #.#
#.# #


You could see an ogre and an endoplasm.

Vanquished Creatures
  Natasha (twice) (D:3)
  7 gnolls (D:3)
  4 adders
  2 worms
  A dart slug (D:1)
  5 orcs
  7 ball pythons
  5 endoplasms
  5 giant cockroaches
  6 goblins
  7 hobgoblins
  3 jackals (D:3)
  4 quokkas
  8 bats
  4 frilled lizards
  8 kobolds
  6 rats
84 creatures vanquished.

Notes
Turn   | Place    | Note
-------+----------+-------------------------------------------
     0 | D:1      | Spaninq the Palentonga Gladiator began the quest for the
                  | Orb.
     0 | D:1      | Reached XP level 1. HP: 17/17 MP: 1/1
   162 | D:1      | Reached XP level 2. HP: 23/23 MP: 2/2
   605 | D:1      | Reached XP level 3. HP: 29/29 MP: 3/3
   810 | D:2      | Reached skill level 4 in Staves
  1117 | D:2      | Found a faded altar of an unknown god.
  1120 | D:2      | Became a worshipper of Warmaster Okawaru
  1120 | D:2      | Reached * piety under Okawaru
  1266 | D:2      | Reached XP level 4. HP: 36/36 MP: 4/4
  1668 | D:3      | Noticed Natasha
  1678 | D:3      | Killed Natasha
  1756 | D:3      | Reached skill level 1 in Invocations
  1774 | D:3      | Reached XP level 5. HP: 25/43 MP: 5/5
  1779 | D:3      | Reached skill level 1 in Armour
  2081 | D:3      | Noticed Natasha
  2115 | D:3      | Killed Natasha
  2164 | D:3      | Noticed Natasha
  2349 | D:3      | Reached skill level 5 in Staves
  3515 | D:4      | Found a staircase to the Ecumenical Temple.
  3524 | Temple   | Entered the Ecumenical Temple
  3733 | D:4      | Noticed an ogre
  3749 | D:4      | Frozen to death by an endoplasm

Illustrated notes

Levels and vault maps discovered:
D:1:      matt_arrival_diagonals, layout_basic, minmay_misc_feat_rugged,
          minmay_liquid_box
D:2:      layout_basic, hellmonk_ecumenical_altar_heavens_door
D:3:      layout_loops_cross, kennysheep_generic_room_7, uniq_natasha
D:4:      minmay_chambers_of_threes, layout_loops_ring,
          minmay_temple_entry_butterflies
Temple:   eino_narrow_crystal_temple

Skill      XL: |  1  2  3  4  5 |
---------------+----------------+-----
Staves         | 4 5 |  5.1
Fighting       | 3 |  3.4
Invocations    | 1 |  1.8
Armour         | 1 |  1.3
Throwing       | |  1.3
Dodging        | |  2.4

Action                   |  1- 3 |  4- 6 || total
-------------------------+-------+-------++-------
Melee: Quarterstaff      |   108 |   131 ||   239
       Tailslap          |    11 |    16 ||    27
 Abil: Rolling Charge    |    26 |    23 ||    49
  Use: Scroll            |       |     9 ||     9
Armor: Leather armour    |    44 |       ||    44
       Chain mail        |    13 |    64 ||    77
Dodge: Dodged            |    39 |    27 ||    66
